Cogmind - Beta 14 @@@ ROGUE MODE // 2024.09.21 @ 15:48:41 Player: Dull Result: Destroyed by D-53 Grenadier with Mini Grenade Launcher Performance ------------- Evolutions (0) 0 Regions Visited (2) 400 Robots Destroyed (26) 130 Value Destroyed (473) 473 Prototype IDs (1) 20 Alien Tech Used (0) 0 Bonus (0) 0 TOTAL SCORE: 1023 Bonus ------- None Cogmind --------- Core Integrity 0/250 Matter 277/300 Energy 100/100 System Corruption 0% Temperature Cool (4) Movement Treading (480) Ox4 Location -10/Mines Parts ------- > --- POWER (1) -------- (None) > --- PROPULSION (2) --- Light Treads > --- UTILITY (2) ------ Huge Storage Unit > --- WEAPON (2) ------- Light Assault Rifle Rocket Launcher > --- INVENTORY (25) --- Ion Engine Improved Treads Improved Treads Improved Treads Improved Heat Sink Large Storage Unit Large Storage Unit Huge Storage Unit Huge Storage Unit High-capacity Matter Pod (200) Visual Processing Unit Sensor Array Signal Interpreter Signal Interpreter Hardened Light Armor Plating Hardened Light Armor Plating Hardened Light Armor Plating Tractor Beam Thief Drone Bay (3/3) Light Assault Rifle Rocket Launcher Rocket Launcher Rocket Launcher Mining Claw Peak State ------------ > --- POWER ------------ Ion Engine > --- PROPULSION ------- Light Treads Improved Treads > --- UTILITY ---------- Huge Storage Unit Thief Drone Bay > --- WEAPON ----------- Light Assault Rifle Light Assault Rifle > --- INVENTORY -------- Ion Engine Improved Treads Improved Treads Improved Treads Improved Heat Sink Large Storage Unit Large Storage Unit Huge Storage Unit Huge Storage Unit High-capacity Matter Pod Visual Processing Unit Sensor Array Signal Interpreter Signal Interpreter Hardened Light Armor Plating Hardened Light Armor Plating Hardened Light Armor Plating Hardened Light Armor Plating Tractor Beam Light Assault Rifle Rocket Launcher Rocket Launcher Rocket Launcher Rocket Launcher Mining Claw [Rating: 17] Favorites ----------- Power Ion Engine Engine Ion Engine Propulsion Light Treads Treads Light Treads Leg Aluminum Leg Wheel Wheel Utility Core Shielding Device Tractor Beam Storage Huge Storage Unit Protection Core Shielding Weapon Light Assault Rifle Energy Gun Medium Laser Ballistic Gun Light Assault Rifle Launcher Rocket Launcher Build | -11 -10 -10 ------- Run | Yrd Mat Min Slots Evolved . | . . . Power . | . . . Propulsion . | . . . Utility . | . . . Weapon . | . . . Parts Attached 29 | . 22 7 Power 2 | . 2 . Engine 2 | . 2 . Core . | . . . Reactor . | . . . Propulsion 10 | . 9 1 Treads 9 | . 8 1 Leg . | . . . Wheel 1 | . 1 . Hover . | . . . Flight . | . . . Utility 8 | . 6 2 Device 2 | . 1 1 Storage 3 | . 3 . Processor . | . . . Hackware . | . . . Protection 3 | . 2 1 Artifact . | . . . Weapon 9 | . 5 4 Energy Gun . | . . . Energy Cannon . | . . . Ballistic Gun 7 | . 5 2 Ballistic Cannon . | . . . Launcher 2 | . . 2 Special Weapon . | . . . Impact Weapon . | . . . Slashing Weapon . | . . . Piercing Weapon . | . . . Special Melee Weapon . | . . . Unidentified Prototypes 1 | . . 1 Parts Lost 9 | . 4 5 Power 2 | . 1 1 Propulsion 3 | . 2 1 Utility 1 | . . 1 Weapon 3 | . 1 2 Highest Loss Streak 4 | . 2 4 To Critical Strikes 1 | . 1 . Average Slot Usage (%) 98 | . 97 99 Engine 13 | . 14 13 Treads 25 | . 25 28 Wheel 2 | . 2 . Storage 14 | . 14 14 Protection 13 | . 13 14 Energy Gun 5 | . 8 . Ballistic Gun 19 | . 18 22 Launcher 1 | . . 5 Peak Build Rating 17 | 6 12 17 Average Rating 9 | 6 8 13 On Entrance 8 | 6 6 12 Naked Turns . | . . . Heaviest Build 95 | 13 92 95 Greatest Support 43 | 20 43 43 Greatest Overweight (x) 8 | . 8 2 Average Overweight (x) 2 | . 2 2 Largest Inventory Capacity 25 | 8 25 25 Average Capacity 19 | 8 17 25 Most Carried 25 | 6 25 25 Average Carried 16 | 6 13 24 Final Capacity 25 | 8 25 25 Final Carried 25 | 6 25 24 Class Distribution -------------------- 93% | Mutant 6% | Scavenger-Mutant Dominant Class ---------------- Mutant | -10/Materials Mutant | -10/Mines Resources | -11 -10 -10 ----------- Run | Yrd Mat Min Matter Collected 892 | 200 608 84 Remotely . | . . . Salvage Created 886 | . 829 57 Parts 58 | . 51 7 Haulers Intercepted 2 | . 2 . Recyclers Shooed 3 | . 3 . Parts Field Recycled . | . . . Retrieved Matter . | . . . Parts Self-Destructed . | . . . Prevented . | . . . Kills | -11 -10 -10 ------- Run | Yrd Mat Min Combat Hostiles Destroyed 14 | . 13 1 Guns 14 | . 13 1 Classes Destroyed 7 | . 6 1 Worker 1 | . 1 . Tunneler 2 | . . 2 Hauler 2 | . 2 . Recycler 4 | . 4 . Watcher 3 | . 3 . Swarmer 5 | . 5 . Grunt 9 | . 8 1 Best Kill Streak 4 | . 4 1 Combat Bots Only 3 | . 3 1 Max Kills in Single Turn 1 | . 1 1 Gunslinging . | . . . Exploded . | . . . Melee . | . . . Uniques/NPCs Destroyed . | . . . Combat | -11 -10 -10 -------- Run | Yrd Mat Min Hostile Shots Fired 160 | . 122 38 Missed 51 | . 41 10 Damage Taken 1631 | . 962 669 Core 260 | . 159 101 Absorbed by Shields . | . . . Redirected to Shielding 34 | . 34 . Core Remaining (%) 100 | 100 . . Volleys Fired 112 | . 93 19 Largest 2 | . 2 2 Hottest 70 | . 70 53 Shots Fired 200 | . 168 32 Gun 198 | . 168 30 Cannon . | . . . Launcher 2 | . . 2 Special . | . . . Kinetic 139 | . 109 30 Thermal 59 | . 59 . Explosive 2 | . . 2 Electromagnetic . | . . . Robot Hit Streak 7 | . 7 6 Robot Miss Streak 4 | . 4 3 Penetration Max . | . . . Secondary Targets 1 | . 1 . Max Gunslinging Chain 1 | . 1 . Shots Hit Robots 126 | . 105 21 Core Hits 54 | . 42 12 Critical Kills . | . . . Critical Parts Destroyed . | . . . Critical Strikes 5 | . 5 . Burn 5 | . 5 . Melee Attacks . | . . . Impact . | . . . Slashing . | . . . Piercing . | . . . Sneak Attacks . | . . . Combat Hostiles . | . . . Follow-up Attacks . | . . . Damage Inflicted 1473 | . 1232 241 Guns 1365 | . 1200 165 Cannons . | . . . Explosions 76 | . . 76 Melee . | . . . Ramming 32 | . 32 . Kinetic 918 | . 753 165 Thermal 447 | . 447 . Explosive 76 | . . 76 Electromagnetic . | . . . Impact . | . . . Slashing . | . . . Piercing . | . . . Highest Corruption . | . . . Average Corruption . | . . . Corruption Purged . | . . . Corruption Blocked . | . . . Overload Shots . | . . . Overflow Damage . | . . . Projectiles . | . . . Explosions . | . . . Melee . | . . . Knockbacks . | . . . Impact . | . . . Kinetic . | . . . Secondary . | . . . Self-Inflicted Damage 14 | . 14 . Shots . | . . . Rammed 2 | . 2 . Targets Rammed 2 | . 2 . Kicked . | . . . Crushed . | . . . Highest Temperature 273 | . 273 60 Average Temperature 50 | . 55 23 Received Heat Transfer 573 | . 468 105 Siege Activations . | . . . Robots Corrupted . | . . . Combat Hostiles . | . . . Parts Fried . | . . . Impact Corruptions . | . . . Robots Melted . | . . . Combat Hostiles . | . . . Parts Melted 4 | . 4 . Heat Transferred 1702 | . 1702 . Parts Sabotaged . | . . . Parts Stolen . | . . . Parts Stripped . | . . . Power Chain Reactions . | . . . Alert | -11 -10 -10 ------- Run | Yrd Mat Min Peak Influence 185 | . 185 53 Initial 28 | . . 28 Average 57 | . 71 23 Maximum Alert Level . | . . . Low Security (%) 100 | 100 100 100 Level 1 . | . . . Level 2 . | . . . Level 3 . | . . . Level 4 . | . . . Level 5 . | . . . High Security . | . . . Max Security . | . . . Squads Dispatched 2 | . 2 . Investigation 2 | . 2 . Extermination . | . . . Reinforcement . | . . . Assault . | . . . Garrison . | . . . Intercept . | . . . Searches Triggered . | . . . Construction Impeded . | . . . Haulers Reinforced . | . . . Active Scanning Responses . | . . . Cargo Convoy Interrupts . | . . . Stealth | -11 -10 -10 --------- Run | Yrd Mat Min Distress Signals 2 | . 1 1 Communications Jammed . | . . . Distress Signals . | . . . Times Spotted 26 | . 22 4 Peak Tracking Total 4 | . 4 2 Tactical Retreats 2 | . 2 . Traps | -11 -10 -10 ------- Run | Yrd Mat Min Traps Triggered 3 | . 3 . Indirectly . | . . . Trap Hack Attempts . | . . . Triggered . | . . . Disarmed 4 | . 4 . Reprogrammed . | . . . Reused . | . . . Traps Extracted . | . . . Installed . | . . . Triggered . | . . . Machines | -11 -10 -10 ---------- Run | Yrd Mat Min Machines Disabled . | . . . Max in Single Turn . | . . . Machines Repaired . | . . . Machines Dismantled . | . . . Machines Sabotaged . | . . . Overloaded Fab Kills . | . . . Hacking | -11 -10 -10 --------- Run | Yrd Mat Min Machines Accessed 7 | . 6 1 Terminals 6 | . 6 . Fabricators . | . . . Repair Stations . | . . . Recycling Units . | . . . Scanalyzers . | . . . Garrison Access . | . . . Total Hacks 20 | . 19 1 Successful 9 | . 8 1 Failed 11 | . 11 . Catastrophic . | . . . Database Lockouts . | . . . Manual 17 | . 17 . Terminals 19 | . 19 . Fabricators . | . . . Repair Stations . | . . . Recycling Units . | . . . Scanalyzers . | . . . Garrison Access . | . . . Terminal Hacks 2 | . 1 1 Open Door 1 | . . 1 Disarm Traps 1 | . 1 . Fabricator Hacks . | . . . Repair Station Hacks . | . . . Recycling Unit Hacks . | . . . Scanalyzer . | . . . Garrison Access Hacks . | . . . Unauthorized Hacks 6 | . 6 . Terminals 6 | . 6 . Botnet 6 | . 6 . Fabricators . | . . . Repair Stations . | . . . Recycling Units . | . . . Scanalyzers . | . . . Garrison Access . | . . . Data Cores Recovered . | . . . Used . | . . . Hacking Detections 6 | . 6 . Full Trace Events 1 | . 1 . Feedback Events . | . . . Feedback Blocked . | . . . Robot Schematics Acquired . | . . . Robots Built . | . . . Authchips . | . . . Time . | . . . Total Robot Build Rating . | . . . Part Schematics Acquired . | . . . Parts Built . | . . . Authchips . | . . . Time . | . . . Total Part Build Rating . | . . . Parts Repaired . | . . . Time . | . . . Parts Recycled . | . . . Recycled Matter . | . . . Retrieved Matter . | . . . Retrieved Components . | . . . Parts Scanalyzed . | . . . Part Schematics Acquired . | . . . Parts Damaged . | . . . Bothacking | -11 -10 -10 ------------ Run | Yrd Mat Min Used RIF Installer . | . . . Robots Hacked . | . . . Non-combat . | . . . Combat . | . . . Robot Hacks Applied . | . . . Relay Couplers Released . | . . . Fabnet Peak Effective % . | . . . Robots Rewired . | . . . Allies Hacked . | . . . Hacks Repelled . | . . . Allies | -11 -10 -10 -------- Run | Yrd Mat Min Total Allies . | . . . Largest Group . | . . . Highest-Rated Group . | . . . Highest-Rated Ally . | . . . Total Orders . | . . . Ally Attacks . | . . . Total Damage . | . . . Kills . | . . . Allies Corrupted . | . . . Allies Melted . | . . . Intel | -11 -10 -10 ------- Run | Yrd Mat Min Robot Analysis Total . | . . . Derelict Logs Recovered . | . . . Drone Launches . | . . . Drone Recoveries . | . . . Exploration | -11 -10 -10 ------------- Run | Yrd Mat Min Turns Passed 3365 | 34 2384 947 Spaces Moved 1263 | 29 997 237 Core . | . . . Treads 1007 | . 770 237 Legs 29 | 29 . . Wheels 227 | . 227 . Hover . | . . . Flight . | . . . Fastest Speed 120 | 120 160 320 Average Speed 216 | 120 194 320 Slowest Speed 320 | 120 320 320 Overloaded Moves . | . . . Propulsion Burnouts . | . . . Robots Hopped . | . . . Cave-ins Triggered . | . . . Exploration Rate (%) 49 | 3 100 44 Regions Visited 2 Branch Regions 1 Pre-discovered Areas . | . . . Known Exits Taken . | . . . Unknown Exits Taken 2 | 1 1 . Scrap Searched 1 | . . 1 Spaces Dug . | . . . Terrain Destroyed 10 | . . 10 Melee . | . . . Projectile . | . . . AOE 10 | . . 10 Terrain Rammed . | . . . Walls Destroyed . | . . . Machines Disabled . | . . . Actions | -11 -10 -10 --------- Run | Yrd Mat Min Total 1709 | 28 1283 398 Wait 256 | . 123 133 Move 1261 | 28 996 237 Hop . | . . . Pick Up 33 | . 32 1 Fast Attach 7 | . 7 . Attach 9 | . 7 2 Detach . | . . . Swap 13 | . 8 5 Drop 16 | . 15 1 Fire 112 | . 93 19 Melee . | . . . Ram 1 | . 1 . Kick . | . . . Crush 1 | . 1 . Escape Stasis . | . . . Rewire . | . . . Trap . | . . . Miscellaneous . | . . . Route ------- -11/Scrapyard -10/Materials (discovered 5 exits: [*Mat x3] / *Min / [*Sub]) -10/Mines (discovered 2 exits: [*Exi] / [*Sub]) History --------- Turn | Location | Event 1 | -11/Scrapyard | Discovered new exit (range 3) 35 | -11/Scrapyard | Entered Materials 305 | -10/Materials | Build established: Mutant 316 | -10/Materials | Discovered new exit (range 16) 630 | -10/Materials | Discovered new exit (range 13) 840 | -10/Materials | Discovered new exit (range 10) 1420 | -10/Materials | Discovered new exit (range 10) 1653 | -10/Materials | Core integrity fell below 50% 1981 | -10/Materials | Discovered new exit (range 6) 2419 | -10/Materials | Entered Mines 2557 | -10/Mines | Deemed a non-threat by the Exiles lab entrance 2560 | -10/Mines | Discovered new exit (range 5) 2663 | -10/Mines | Found the Drone Emporium 2682 | -10/Mines | Found Prototype Device 2721 | -10/Mines | Identified Thief Drone Bay 2831 | -10/Mines | Assembled infested the area 2836 | -10/Mines | Assisted by a Guerilla fighting off Assembled 2915 | -10/Mines | Discovered new exit (range 10) 3355 | -10/Mines | Core integrity fell below 20% 3366 | -10/Mines | Destroyed by D-53 Grenadier with Mini Grenade Launcher Last Messages --------------- 03269_ U-05 Engineer builds a Wall. 03322_ Searching scrap... 03322_ Found Lgt. Treads. 03322_ Found 46 Matter. 03329_ Dropped Lgt. Treads. 03337_ Acquired 2 matter. 03343_ Extracted 8 matter. 03354_ R-06 Scavenger destroyed. 03356_ Ion Engine destroyed. 03357_ U-05 Engineer builds a Wall. 03359_ The unstable cave ceiling collapses. 03360_ Lgt. Assault Rifle destroyed. 03361_ The unstable cave ceiling collapses. 03362_ R-06 Scavenger destroyed. 03362_ T-07 Excavator destroyed. 03362_ U-05 Engineer builds a Wall. 03364_ The unstable cave ceiling collapses. 03364_ U-05 Engineer destroyed. 03366_ Imp. Treads destroyed. 03366_ Hrd. Light Armor Plating destroyed. Map ----- +----------------------------------------------------+ | ?????# ##???# ### ## ##???????## ## | | ????## ##??## # X ##???????### ###### | | ???## #???## #???????## ##??# | | ?### #????## #### #??????## ##?# | | ## ##????## ## #?????## ### | | ###????## #???### | | ###??????# #??## | | # ##????????# #### #### ## | | # #?????????## ## ##??## #? | | # %##?????????###### ##???## ##? | | ## ##?????????????######## ##???####?? | | ?# #????????????????????## #????????? | | ?## #?????????????###?????# % #????????? | | ??## ##??????????#### #######%% ##????????? | | ???####??????????### % ####?????????? | | ????????????????## % #####????????????? | | ???????????????## ####### %%#????????????????? | | ???????????????# ##?????##%%#????????????????? | | ???????????????# ######??#% #????????????????? | | ???????????????# %= #??#%%#?#??????????????? | | ???????????????# ## #### %# ##?????????????? | | ???????????????## % ! ##????????????? | | ????????????????## #????????????? | | ??????????????????# d = ###????????????? | | ?????????????????###= % d|% #????????????? | | ???????????# % *%! @ = *#?????????????? | | ?????????????????# = !%! ????????? | | ?????????????????## " " = ????????? | | ??????????????????#### ?????????? | | ?????????????????????## # ## ???????????? | | ??????????????????????###########??? ????????????? | | ?????????????????????????????????????????????????? | | ?????????????????????????????????????????????????? | | ?????????????????????????????????????????????????? | | ?????????????????????????????????????????????????? | | ?????????????????????????????????????????????????? | | ?????????????????????????????????????????????????? | | ?????????????????????????????????????????????????? | | ?????????????????????????????????????????????????? | | ?????????????????????????????????????????????????? | | ?????????????????????????????????????????????????? | | ?????????????????????????????????????????????????? | | ?????????????????????????????????????????????????? | | ?????????????????????????????????????????????????? | | ?????????????????????????????????????????????????? | | ?????????????????????????????????????????????????? | | ?????????????????????????????????????????????????? | | ?????????????????????????????????????????????????? | | ?????????????????????????????????????????????????? | | ?????????????????????????????????????????????????? | +----------------------------------------------------+ Best States ------------- Heat Dissipation 25 Energy Generation 10 Energy Capacity 250 Matter Stores 300 Matter Capacity 300 Sight Range 16 Terrain Scan Density 10 Armor Coverage 150 Core Shielding 20 Evasion (%) 55 Recoil Reduction 2 Item Schematics ----------------- None Robot Schematics ------------------ None Fabricated ------------ Nothing Alien Tech Used ----------------- None Achievements -------------- None Challenges ------------ None Game ------ Seed SegregatorPointReplicator Manual? 0 Play Time 00:15:11 Cumulative 138.8 hours Start 2024.09.21 @ 15:35:46 End 2024.09.21 @ 15:48:41 Sessions 1 Manual Loads 0 Difficulty Rogue Special Mode None Game No. 188 Rogue 188 Adventurer 0 Explorer 0 Win Type - Total 1 Types 1/0/0/0/0/0/0/0/0 Lore% 50 Gallery% 60 Achievement% 48 Wizard Run 0 Options --------- Layout 0 ASCII 0 Keyboard 0 Movement Mouse Keybinds 1 Fullscreen 1 Font 18/TerminusBold Map View 76x50 Zoom Use 0% Tactical HUD 1 Map Filters NONE Filters NONE Steam 1 RUN: 3202e77b-46c4-4c42-a842-5db6847c2501